 Dungeon Crawl Stone Soup version 0.31.0-11-ge490571c62 (webtiles) character file.

Game seed: 16319075729123313015

142074 Aviak the Spry (level 17, -6/153 HPs)
             Began as a Merfolk Conjurer on Feb 1, 2024.
             Was an Elder of Ashenzari.
             Mangled by a merfolk impaler
             ... wielding a +0 trident of chaos
              (10 damage)
             ... while petrified by a merfolk impaler
             ... on level 3 of the Shoals.
             The game lasted 01:08:04 (25095 turns).

Aviak the Spry (Merfolk Conjurer)                  Turns: 25095, Time: 01:08:04

Health: -6/153     AC:  8    Str: 13    XL:     17   Next: 34%
Magic:  18/23      EV:  2    Int: 21    God:    Ashenzari [****..]
Gold:   1194       SH:  0    Dex: 24    Spells: 22/25 levels left

rFire   . . .        F - +9 scimitar (drain)
rCold   . . .        g - +0 kite shield
rNeg    + + +        D - +2 robe "Esoteric Trepidation" {Will+, Fort, Self} (curse)
rPois   ∞            r - +0 helmet of Apeoromancy {Bglg, Range} (curse)
rElec   .            i - +4 cloak "Lemug" {Str+3 Int+4}
rCorr   .            E - +1 pair of gloves "Mistrust of Ashenzari" {Stlth+, Dev, Self} (curse)
SInv    +            l - melded +0 pair of boots "I Foresaw This" {Cun, Elem} (curse)
Will    +....        a - amulet "Skepticism of Ashenzari" {Regen+, Melee, Self} (curse)
Stlth   +++++        W - +6 ring of dexterity
HPRegen 1.25/turn    P - ring "Shattered Lethargy" {rPois, Melee, Dev} (curse)
MPRegen 0.18/turn

%: clarity
@: mighty, petrified, weak-willed, corroded, fragile (+50% incoming damage),
slowed, very quick
A: nimble swimmer 2, mertail
a: Renounce Religion, Curse Item, Shatter the Chains


You were on level 3 of the Shoals.
You worshipped Ashenzari.
Ashenzari was greatly pleased with you.
You visited 5 branches of the dungeon, and saw 26 of its levels.
You also visited: Gauntlet.

You collected 2433 gold pieces.
You spent 1239 gold pieces at shops.

Inventory:

Hand Weapons
 p - the +6 falchion of Excruciating Pain {heavy, rElec Str+4}
   (You found it on level 2 of the Shoals)

   Str+4:     It affects your strength (+4).
   rElec:     It insulates you from electricity.
 F - a +9 scimitar of draining (weapon)
 Z - a +2 heavy long sword
Missiles
 J - 6 throwing nets {!f}
Armour
 g - a +0 kite shield (worn)
 i - the +4 cloak "Lemug" (worn) {Str+3 Int+4}
   (You found it in a Gauntlet)

   Str+3:     It affects your strength (+3).
   Int+4:     It affects your intelligence (+4).
 l - the cursed +0 pair of boots "I Foresaw This" (melded) {Cun, Elem}
   (You found it on level 5 of the Lair of Beasts)

   It has a curse which improves the following skills: Cunning: Dodging and
   Stealth.
   Elements:  Fire Magic, Ice Magic, Air Magic and Earth Magic.
 r - the cursed +0 helmet of Apeoromancy (worn) {Bglg, Range}
   (You found it on level 3 of the Dungeon)

   It has a curse which improves the following skills: Beguiling: Hexes and
   Translocations.
   Ranged Combat: Ranged Weapons and Throwing.
 u - a +2 robe of resistance
 D - the cursed +2 robe "Esoteric Trepidation" (worn) {Will+, Fort, Self}
   (You took it off Jessica on level 2 of the Dungeon)

   It has a curse which improves the following skills: Fortitude: Armour and
   Shields.
   Introspection: Fighting and Spellcasting.
 E - the cursed +1 pair of gloves "Mistrust of Ashenzari" (worn) {Stlth+, Dev, Self}
   (You bought it in a shop on level 2 of the Orcish Mines)

   It has a curse which improves the following skills: Devices: Evocations and
   Shapeshifting.
   Introspection: Fighting and Spellcasting.
 R - the +1 robe of Vines {NoPotionHeal Regen++++}
   (You found it in a Gauntlet)

   NoPotionHeal: Its wearer cannot be healed by potions.
   Regen++++: It increases your rate of health regeneration.
 Y - +0 acid dragon scales {rCorr}
Jewellery
 a - the cursed amulet "Skepticism of Ashenzari" (around neck) {Regen+, Melee, Self}
   (You found it on level 2 of the Dungeon)

   [amulet of regeneration]

   Regen+:    It increases your rate of health regeneration.
   It has a curse which improves the following skills: Melee Combat: Short
   Blades, Long Blades, Axes, Maces & Flails, Polearms, Staves and Unarmed
   Combat.
   Introspection: Fighting and Spellcasting.
 j - a ring of ice
 s - an amulet of the acrobat
 A - a +4 ring of protection
 H - the ring of Keevatas {*Corrode rElec Will+ Int+2 Slay+2}
   (You found it in a Gauntlet)

   [ring of willpower]

   Int+2:     It affects your intelligence (+2).
   Slay+2:    It affects your accuracy & damage with ranged weapons and melee
   (+2).
   rElec:     It insulates you from electricity.
   Will+:     It increases your willpower.
   *Corrode:  It may corrode you when you take damage.
 P - the cursed ring "Shattered Lethargy" (right hand) {rPois, Melee, Dev}
   (You found it on level 10 of the Dungeon)

   [ring of poison resistance]

   rPois:     It protects you from poison It has a curse which improves the
   following skills: Melee Combat: Short Blades, Long Blades, Axes, Maces &
   Flails, Polearms, Staves and Unarmed Combat.
   Devices:   Evocations and Shapeshifting.
 W - a +6 ring of dexterity (left hand)
Wands
 d - a wand of digging (5)
 v - a wand of light (12)
 y - a wand of flame (37)
 G - a wand of iceblast (3)
 I - a wand of polymorph (8)
Scrolls
 b - 3 scrolls of revelation
 e - 2 scrolls of silence {!r}
 m - 2 scrolls of immolation
 q - 4 scrolls of fog
 t - 2 scrolls of teleportation
 x - 3 scrolls of blinking
 z - 4 scrolls of amnesia
 L - 3 scrolls of vulnerability {!r}
 M - 4 scrolls of enchant weapon
 O - 2 scrolls of poison
 S - 4 scrolls of enchant armour
 T - a scroll of brand weapon
 U - 3 scrolls of butterflies
 V - 2 scrolls of fear
Potions
 c - 8 potions of curing
 f - 2 potions of haste
 h - a potion of heal wounds
 k - 2 potions of lignification {!q}
 n - a potion of brilliance
 o - 4 potions of enlightenment
 w - a potion of magic
 B - 2 potions of resistance
 C - 2 potions of attraction
 K - 3 potions of might
 N - a potion of invisibility
 X - 3 potions of berserk rage
Miscellaneous
 Q - a lightning rod (4/4)


   Skills:
 + Level 16.1(19.6) Fighting
 - Level 4.0(13.3) Short Blades
 + Level 18.0(20.6) Long Blades
 + Level 19.0 Dodging
 - Level 2.1 Stealth
 + Level 15.6(17.3) Shields
 - Level 2.0(4.6) Spellcasting
 - Level 4.0 Conjurations
 - Level 6.0(8.7) Evocations


You had 22 spell levels left.
You knew the following spells:

 Your Spells              Type           Power      Damage    Failure   Level
a - Magic Dart            Conj           84%        1d7       3%          1
b - Searing Ray           Conj           42%        2d6       5%          2

Your spell library contained the following spells:

 Spells                   Type           Power      Damage    Failure   Level
 Apportation              Tloc           10%        N/A       17%         1
 Slow                     Hex            20%        N/A       17%         1
 Freeze                   Ice            16%        1d4       19%         1
 Dazzling Flash           Conj/Hex       26%        N/A       24%         3
 Ensorcelled Hibernation  Hex/Ice        10%        N/A       26%         2
 Jinxbite                 Hex            10%        N/A       26%         2
 Hailstorm                Conj/Ice       13%        3d6       26%         3
 Cigotuvi's Dreadful Rot  Necr/Alch/Air  8%         N/A       28%         2
 Scorch                   Fire           8%         2d5       28%         2
 Sublimation of Blood     Necr           4%         N/A       28%         2
 Mephitic Cloud           Conj/Alch/Air  10%        N/A       32%         3
 Confusing Touch          Hex            5%         N/A       45%         3
 Sigil of Binding         Hex            5%         N/A       45%         3
 Tukima's Dance           Hex            5%         N/A       45%         3
 Volatile Blastmotes      Fire/Tloc      10%        2d10      47%         3
 Frozen Ramparts          Ice            8%         1d2       50%         3
 Passwall                 Erth           4%         N/A       50%         3
 Summon Ice Beast         Ice/Summ       4%         N/A       50%         3
 Swiftness                Air            4%         N/A       50%         3
 Vampiric Draining        Necr           4%         2d6       50%         3
 Iskenderun's Mystic Bla  Conj/Tloc      13%        2d5       61%         4
 Flame Wave               Conj/Fire      13%        2d6       63%         4
 Fulminant Prism          Conj/Alch      6%         3d7       63%         4
 Passage of Golubria      Tloc           5%         N/A       86%         4
 Ignite Poison            Fire/Alch      4%         N/A       88%         4
 Petrify                  Alch/Erth      4%         N/A       88%         4
 Irradiate                Conj/Alch      6%         3d13      93%         5
 Freezing Cloud           Conj/Ice/Air   5%         6-21      97%         5
 Alistair's Intoxication  Alch           2%         N/A       99%         5
 Curse of Agony           Necr           4%         N/A       99%         5
 Silence                  Hex/Air        2%         N/A       99%         5
 Yara's Violent Unravell  Hex/Alch       2%         3d3       99%         5
 Sculpt Simulacrum        Ice/Alch       2%         N/A       100%        6
 Starburst                Conj/Fire      6%         6d4       100%        6
 Summon Cactus Giant      Summ           2%         N/A       100%        6
 Lehudib's Crystal Spear  Conj/Erth      6%         10d3      100%        8
 Maxwell's Capacitive Co  Air            2%         ∞         100%        8


Dungeon Overview and Level Annotations

Branches:
Dungeon (15/15)            Temple (1/1) D:7            Lair (5/5) D:11
 Shoals (3/4) Lair:2       Spider (0/4) Lair:2        Slime (0/5) Lair:4
    Orc (2/2) D:9             Elf (0/3) Orc:2        Vaults (0/5) D:14
 Depths (0/4) D:15        Gauntlet (visited)

Altars:
Ashenzari
Cheibriados
Dithmenos
Elyvilon
Fedhas
Gozag
Hepliaklqana
Kikubaaqudgha
Makhleb
Nemelex Xobeh
Okawaru
Qazlal
Ru
Sif Muna
Uskayaw
Vehumet
Wu Jian
Xom
Yredelemnul
Zin
The Shining One

Shops:
D:4 =   D:8 *   Orc:2 :?[[

Portals:
Trove: D:14 (give 17 scrolls of teleportation)

Annotations:
D:6 3 runed translucent doors, Farlane's ghost, amateur TrSh
Shoals:3 6 transporters


Innate Abilities, Weirdness & Mutations

You are very nimble when in or above water. (Stealth+, EV+, Speed+++)
Your lower body shifts to a powerful aquatic tail in water.


Message History

The merfolk impaler burns you.
The merfolk impaler hits you from afar with a +0 trident of chaos!
You feel yourself slow down.
The merfolk impaler hits you but does no damage.
The acid corrodes you!
The merfolk impaler hits you from afar with a +0 trident of chaos!
The merfolk impaler hits you from afar with a +0 trident of chaos!
You feel your power leaking away.
The merfolk impaler hits you with a +2 trident of chaos!
Your body becomes as fragile as glass!
The merfolk impaler hits you from afar with a +0 trident of chaos.
You feel your fragility will last longer.
The merfolk impaler barely misses you.
The merfolk impaler hits you with a +2 trident of chaos!!
The merfolk impaler freezes you.
The merfolk impaler hits you from afar with a +0 trident of chaos!!
You feel as though you will be slow longer.
The merfolk impaler hits you with a +2 trident of chaos!
You feel your power leaking away.
The merfolk impaler hits you from afar with a +0 trident of chaos!!
The merfolk impaler freezes you.
The merfolk impaler hits you with a +2 trident of chaos!!
The merfolk impaler completely misses you.
The merfolk impaler hits you from afar with a +0 trident of chaos!
* * * LOW HITPOINT WARNING * * *
You blink.
Floosh!
The merfolk impaler hits you but does no damage.
The merfolk impaler hits you from afar with a +2 trident of chaos!
* * * LOW HITPOINT WARNING * * *
You feel very mighty all of a sudden.
The merfolk impaler hits you from afar with a +2 trident of chaos!!
* * * LOW HITPOINT WARNING * * *
You feel mightier all of a sudden.
The merfolk impaler hits you from afar with a +2 trident of chaos!!
* * * LOW HITPOINT WARNING * * *
The merfolk impaler burns you!
* * * LOW HITPOINT WARNING * * *
The merfolk impaler hits you from afar with a +0 trident of chaos!
You die...

#≈≈≈~~######≈≈≈≈≈≈≈
#≈≈~~~~~~~~##≈~≈≈≈≈
#≈≈≈##~~~~~~##~~≈≈≈
#≈≈##~~####~~~~~~≈†
#≈##~{##~~*#~~##≈≈≈
#≈#*~~~~~,>#~~*#≈≈)
#≈#*~~~,,{8#~~*#≈≈≈
#≈##~~**,∆**~~*#≈≈≈
#≈@##~~####~~~~~~≈≈
#≈≈≈##~~~~~~##~~≈≈≈
#≈≈mm##~m~~##≈≈≈≈≈≈
#≈≈≈≈≈~#***#≈≈≈≈≈≈≈
#≈≈≈≈≈≈≈#**≈≈≈≈≈≈≈≈
#≈≈≈≈≈≈≈≈≈≈≈~~~~~~~
#############~~


You could see 2 merfolk impalers.

Vanquished Creatures
  Saint Roka (Orc:2)
  Jorgrun (D:13)
  2 krakens
  Gastronok (D:9)
  An orc warlord (D:9)
  Azrael (D:14)
  A minotaur (Gauntlet)
  Nessos (D:13)
  3 merfolk javelineers
  An ettin (D:15)
  4 merfolk impalers (Shoals:3)
  Fannar (Orc:1)
  The ghost of dakkaduck the Severer, a journeyman MiBe of Trog (D:10)
  6 vault guards (D:14)
  A hydra (Lair:1)
  3 merfolk avatars
  A boulder beetle (D:14)
  4 merfolk aquamancers
  5 two-headed ogres
  A catoblepas (Lair:3)
  6 centaur warriors
  A satyr (Shoals:3)
  9 death yaks
  2 death scarabs (Gauntlet)
  An orc high priest (Orc:2)
  A hell knight (D:15)
  A spectral death yak (Gauntlet)
  12 skeletal warriors
  3 skysharks
  11 sea snakes
  7 harpies (Shoals:2)
  An orc knight (Orc:2)
  12 ugly things (D:14)
  A lindwurm (Lair:2)
  A necromancer (D:15)
  11 fauns
  A deep elf pyromancer (D:13)
  6 manticores
  An orc sorcerer (Orc:2)
  An oklob plant (Lair:3)
  Pikel (D:8)
  2 cyclopes
  7 kobold blastminers
  3 water nymphs
  An apocalypse crab (Shoals:3)
  A guardian serpent (shapeshifter) (D:14)
  18 elephants
  5 merfolk sirens
  8 black mambas
  Joseph (D:7)
  A gargoyle (D:12)
  5 cane toads
  An unseen horror (D:10)
  2 efreet
  2 kobold demonologists
  2 rime drakes
  10 komodo dragons
  2 minotaur zombies (Gauntlet)
  2 freezing wraiths
  A tengu conjurer (D:14)
  5 trolls
  24 merfolk
  3 wind drakes
  7 hornets
  7 polar bears
  A blink frog (shapeshifter) (D:15)
  5 snapping turtles
  4 blink frogs (Lair:2)
  A spectral dream sheep (Gauntlet)
  4 dream sheep
  A spectral black mamba (Gauntlet)
  5 shadows
  2 wraiths
  15 spriggans
  4 slime creatures (D:12)
  A spectral komodo dragon (Gauntlet)
  8 water elementals
  5 wyverns
  6 humans
  An unseen horror simulacrum (D:8)
  62 yaks
  6 basilisks
  2 fire elementals (D:14)
  A warg (shapeshifter) (D:14)
  2 steam dragons
  6 wargs
  5 acid dragons
  10 water moccasins
  2 hell hounds (D:14)
  7 ice beasts
  2 sky beasts
  4 black bears
  A laughing skull (D:10)
  39 orc warriors
  27 wolves
  9 ogres
  3 boggarts (Lair:5)
  16 centaurs
  2 lemures (D:8)
  3 phantoms
  A kobold brigand (D:7)
  15 bullfrogs
  2 scorpions
  9 wights
  10 killer bees
  6 electric eels
  7 howler monkeys
  2 bombardier beetles
  2 gnoll boudas
  3 hounds (D:6)
  10 orc priests
  10 jellies
  Jessica (D:2)
  2 iguanas
  21 orc wizards
  Terence (D:2)
  A centaur simulacrum (D:8)
  10 gnolls
  7 adders
  A shadow imp (D:7)
  7 white imps
  A howler monkey simulacrum (D:8)
  3 ufetubi
  2 ribbon worms (D:2)
  A dart slug (D:5)
  64 orcs
  3 ball pythons
  6 endoplasms
  11 goblins
  10 hobgoblins
  2 jackals (D:3)
  8 kobolds
  7 quokkas
  5 bats
  5 frilled lizards
  8 rats
786 creatures vanquished.

Vanquished Creatures (collateral kills)
  A merfolk impaler (Shoals:2)
  A satyr (Shoals:2)
  2 necromancers (D:15)
  A faun (Shoals:2)
5 creatures vanquished.

Vanquished Creatures (others)
  A manticore (Shoals:2)
  An orc warrior (Orc:2)
  8 tentacles
10 creatures vanquished.

Grand Total: 801 creatures vanquished

Notes
Turn   | Place    | Note
-------+----------+-------------------------------------------
     0 | D:1      | Aviak the Merfolk Conjurer began the quest for the Orb.
     0 | D:1      | Reached XP level 1. HP: 13/13 MP: 3/3
   206 | D:1      | Reached skill level 3 in Dodging
   270 | D:1      | Reached XP level 2. HP: 20/20 MP: 5/5
   273 | D:1      | Learned a level 2 spell: Searing Ray
   340 | D:1      | Reached skill level 1 in Fighting
  1068 | D:2      | Noticed Jessica
  1088 | D:2      | Killed Jessica
  1089 | D:2      | Reached XP level 3. HP: 12/27 MP: 0/6
  1248 | D:2      | Found a faded altar of an unknown god.
  1519 | D:2      | Reached XP level 4. HP: 33/33 MP: 3/7
  1570 | D:2      | Reached skill level 4 in Dodging
  1773 | D:2      | Noticed Terence
  1803 | D:2      | Killed Terence
  2139 | D:3      | Reached XP level 5. HP: 40/40 MP: 4/8
  2175 | D:3      | You fall into a shaft and drop 3 floors!
  2229 | D:6      | Reached skill level 5 in Dodging
  2304 | D:6      | Noticed an ice beast
  2348 | D:6      | Killed an ice beast
  2349 | D:6      | Reached XP level 6. HP: 8/48 MP: 0/9
  2429 | D:6      | Noticed an ice beast
  2449 | D:6      | Killed an ice beast
  2450 | D:6      | Reached skill level 6 in Dodging
  2554 | D:6      | Reached XP level 7. HP: 55/55 MP: 4/10
  2691 | D:6      | Reached skill level 5 in Fighting
  2740 | D:5      | Entered Level 5 of the Dungeon
  2747 | D:5      | Reached skill level 7 in Dodging
  2833 | D:5      | Identified the +5 flail "Noasok" {spect, Int+3}
  2990 | D:4      | Reached skill level 1 in Short Blades
  3473 | D:3      | Found a white marble altar of Elyvilon.
  3824 | D:4      | Found Ythracwut's Jewellery Shop.
  3956 | D:4      | Reached XP level 8. HP: 60/64 MP: 11/11
  4143 | D:4      | Found a snail-covered altar of Cheibriados.
  4156 | D:4      | Reached skill level 8 in Dodging
  4577 | D:5      | Reached skill level 9 in Dodging
  4728 | D:5      | Found an ornate altar of the Wu Jian Council.
  4743 | D:5      | Found Zin's Purification Station.
  4743 | D:5      | Found a glowing silver altar of Zin.
  4751 | D:5      | Bought a potion of curing for 90 gold pieces
  4865 | D:5      | Found a blossoming altar of Fedhas.
  5161 | D:6      | Found a runed translucent gate.
  5161 | D:6      | Found a runed translucent gate.
  5161 | D:6      | Found a runed translucent gate.
  5163 | D:6      | Noticed Farlane's ghost (amateur TrSh)
  5217 | D:6      | Reached XP level 9. HP: 64/73 MP: 12/12
  5393 | D:6      | Reached skill level 10 in Dodging
  5710 | D:6      | Found a broken altar of Ashenzari.
  5719 | D:6      | Became a worshipper of Ashenzari the Shackled
  6175 | D:7      | Reached skill level 11 in Dodging
  6352 | D:7      | Found a staircase to the Ecumenical Temple.
  6363 | Temple   | Entered the Ecumenical Temple
  6409 | D:7      | Noticed Joseph
  6425 | D:7      | Killed Joseph
  6809 | D:8      | Noticed Pikel
  6865 | D:8      | Found an ancient bone altar of Kikubaaqudgha.
  6931 | D:8      | Killed Pikel
  6932 | D:8      | Reached skill level 10 in Fighting
  6932 | D:8      | Reached skill level 12 in Dodging
  6932 | D:8      | Reached XP level 10. HP: 67/85 MP: 5/13
  7029 | D:8      | Reached * piety under Ashenzari
  7080 | D:8      | Found Peam's Assorted Antiques.
  7162 | D:8      | Bought 2 scrolls of fear for 232 gold pieces
  7162 | D:8      | Bought a sedimented purple potion for 26 gold pieces
  7162 | D:8      | Bought a scroll labelled ICUATEM XUPP for 29 gold pieces
  7345 | D:8      | Reached skill level 1 in Long Blades
  7351 | D:8      | Reached skill level 13 in Dodging
  7365 | D:8      | Found an opulent altar of Gozag.
  7516 | D:8      | Noticed a death yak
  7562 | D:8      | Killed a death yak
  7637 | D:8      | Noticed a two-headed ogre
  7641 | D:8      | Reached ** piety under Ashenzari
  7833 | D:8      | Killed a two-headed ogre
  7834 | D:8      | Reached skill level 5 in Long Blades
  7834 | D:8      | Reached skill level 14 in Dodging
  7834 | D:8      | Reached XP level 11. HP: 95/95 MP: 14/14
  7843 | D:8      | Noticed a two-headed ogre
  7891 | D:8      | Killed a two-headed ogre
  8006 | D:8      | Found a sparkling altar of Nemelex Xobeh.
  8135 | D:9      | Noticed a two-headed ogre
  8146 | D:9      | Killed a two-headed ogre
  8206 | D:9      | Found an iron altar of Okawaru.
  8250 | D:9      | Noticed Gastronok
  8274 | D:9      | Killed Gastronok
  8478 | D:9      | Found a staircase to the Orcish Mines.
  8578 | D:9      | Noticed a two-headed ogre
  8602 | D:9      | Killed a two-headed ogre
  8603 | D:9      | Reached skill level 15 in Dodging
  9003 | D:9      | Reached *** piety under Ashenzari
  9300 | D:10     | Entered Level 10 of the Dungeon
  9525 | D:10     | Noticed dakkaduck's ghost (journeyman MiBe)
  9540 | D:10     | Found a runed translucent gate.
  9540 | D:10     | Found a runed translucent gate.
  9540 | D:10     | Found a runed translucent gate.
  9693 | D:10     | Reached XP level 12. HP: 87/102 MP: 16/16
 10007 | D:10     | Reached **** piety under Ashenzari
 10255 | D:11     | Reached skill level 1 in Evocations
 10368 | D:10     | Identified the cursed +0 cloak "Circumscribed Together"
                  | {Fort, Melee} (You found it on level 5 of the Dungeon)
 10368 | D:10     | Identified the cursed +0 helmet of Apeoromancy {Bglg,
                  | Range} (You found it on level 3 of the Dungeon)
 10368 | D:10     | Identified the cursed +2 robe "Esoteric Trepidation"
                  | {Will+, Fort, Self} (You took it off Jessica on level 2 of
                  | the Dungeon)
 10627 | D:11     | Reached skill level 16 in Dodging
 10729 | D:11     | Found a staircase to the Lair.
 11423 | Lair:1   | Entered Level 1 of the Lair of Beasts
 11866 | Lair:1   | Reached skill level 10 in Long Blades
 12289 | Lair:2   | Noticed a six-headed hydra
 12299 | Lair:1   | Reached XP level 13. HP: 105/118 MP: 18/18
 12368 | Lair:2   | Reached skill level 5 in Evocations
 12478 | Lair:2   | Reached skill level 17 in Dodging
 12492 | Lair:2   | Found a hole to the Spider Nest.
 12679 | Lair:2   | Found a staircase to the Shoals.
 13813 | Lair:3   | Reached skill level 15 in Fighting
 13970 | Lair:3   | Reached skill level 1 in Shields
 14281 | Lair:4   | Found an iron altar of Okawaru.
 14544 | Lair:4   | Reached XP level 14. HP: 128/128 MP: 20/20
 14559 | Lair:4   | Found a staircase to the Slime Pits.
 14584 | Lair:4   | Reached skill level 5 in Shields
 15160 | Lair:5   | Entered Level 5 of the Lair of Beasts
 15546 | Lair:5   | Found the +7 captain's cutlass {speed, disarm}
 15598 | Lair:5   | Paralysed by a hornet for 3 turns
 15600 | Lair:5   | HP: 5/128 [hornet (4)]
 16801 | Orc:1    | Entered Level 1 of the Orcish Mines
 16833 | Orc:1    | Noticed an orc warlord
 16977 | D:9      | Killed an orc warlord
 17077 | Orc:1    | Noticed Fannar
 17089 | Orc:1    | Killed Fannar
 17328 | Orc:2    | Entered Level 2 of the Orcish Mines
 17456 | Orc:2    | Reached skill level 10 in Shields
 17610 | Orc:2    | Reached XP level 15. HP: 105/134 MP: 21/21
 17907 | Orc:2    | Found a staircase to the Elven Halls.
 17939 | Orc:2    | Noticed Saint Roka
 17987 | Orc:2    | Killed Saint Roka
 18503 | Orc:2    | Found Ixica's Magic Scroll Boutique.
 18503 | Orc:2    | Found Kyel's Antique Armour Emporium.
 18503 | Orc:2    | Found Juuhocs's Antique Armour Shoppe.
 18504 | Orc:2    | Identified the cursed +0 pair of boots "I Foresaw This"
                  | {Cun, Elem} (You found it on level 5 of the Lair of Beasts)
 18507 | Orc:2    | Found Paerysid's Book Shop.
 18512 | Orc:2    | Bought a jewelled leather armour for 245 gold pieces
 18512 | Orc:2    | Identified the +0 leather armour of Raidied {Harm rElec}
                  | (You bought it in a shop on level 2 of the Orcish Mines)
 18512 | Orc:2    | Bought a pair of glowing gloves for 262 gold pieces
 18526 | Orc:2    | Bought a scroll of enchant armour for 75 gold pieces
 18526 | Orc:2    | Bought a scroll of brand weapon for 95 gold pieces
 18526 | Orc:2    | Bought a scroll of teleportation for 30 gold pieces
 18526 | Orc:2    | Bought a scroll of fear for 40 gold pieces
 18526 | Orc:2    | Bought a scroll of fear for 40 gold pieces
 18526 | Orc:2    | Bought a scroll of blinking for 75 gold pieces
 18890 | D:10     | Killed dakkaduck's ghost
 18891 | D:10     | Reached skill level 15 in Long Blades
 18958 | D:12     | Found a gate leading to a gauntlet.
 18971 | Gauntlet | Entered a Gauntlet
 18971 | Gauntlet | Found a transporter.
 18979 | Gauntlet | Found a runed translucent gate.
 18980 | Gauntlet | Found a transporter.
 18980 | Gauntlet | Found a runed translucent gate.
 18980 | Gauntlet | Identified the amulet of Poidghusi {Regen+ Int+4}
 18981 | Gauntlet | Found a transporter.
 18982 | Gauntlet | Identified the +1 pair of boots "Nuwk" {rN++ Will+ Int+2
                  | Slay-3}
 18985 | Gauntlet | Found a transporter.
 18986 | Gauntlet | Found a transporter.
 18986 | Gauntlet | Found a transporter.
 18995 | Gauntlet | Found a transporter.
 18995 | Gauntlet | Found a transporter.
 18995 | Gauntlet | Identified the ring of Music {+Blink Int+3 Slay+4}
 19012 | Gauntlet | Found the +1 robe of Vines {NoPotionHeal Regen++++}
 19013 | Gauntlet | Found a transporter.
 19014 | Gauntlet | Identified the +4 cloak "Lemug" {Str+3 Int+4}
 19033 | Gauntlet | Found a transporter.
 19037 | Gauntlet | Found a transporter.
 19045 | Gauntlet | Found a transporter.
 19095 | Gauntlet | Found a runed translucent gate.
 19116 | Gauntlet | Identified the Textbook on Twisted Phlogiston
 19313 | Gauntlet | Identified the amulet of Nafax {Acrobat MP+9}
 19314 | Gauntlet | Identified the ring of Keevatas {*Corrode rElec Will+ Int+2
                  | Slay+2}
 19627 | D:12     | Identified the +0 chain mail of Inugoal {*Slow Regen+ rCorr
                  | Dex+4}
 20275 | D:13     | Noticed Jorgrun
 20292 | D:13     | Killed Jorgrun
 20503 | D:13     | Identified the +1 robe of Gaskaro {Harm}
 20766 | D:13     | Noticed Nessos
 20772 | D:13     | Killed Nessos
 21001 | D:13     | Found a glowing golden altar of the Shining One.
 21101 | D:14     | Noticed Azrael
 21124 | D:14     | Killed Azrael
 21234 | D:14     | Reached XP level 16. HP: 117/145 MP: 22/22
 21470 | D:14     | Found a portal to a secret trove of treasure.
 21711 | D:14     | Found a gate to the Vaults.
 22065 | D:15     | Entered Level 15 of the Dungeon
 22376 | D:15     | Found a staircase to the Depths.
 22708 | Shoals:1 | Entered Level 1 of the Shoals
 23164 | Shoals:1 | Noticed a kraken
 23184 | Shoals:1 | Killed a kraken
 23246 | Shoals:2 | Identified the +6 falchion of Excruciating Pain {heavy,
                  | rElec Str+4}
 23250 | Shoals:2 | Reached skill level 18 in Dodging
 23306 | Shoals:2 | Reached skill level 15 in Shields
 24113 | Shoals:1 | Reached XP level 17. HP: 113/153 MP: 23/23
 24350 | Shoals:3 | Found a transporter.
 24365 | Shoals:3 | Found a transporter.
 24759 | Shoals:3 | Found a transporter.
 24761 | Shoals:3 | Found a transporter.
 24782 | Shoals:3 | Found a transporter.
 24790 | Shoals:3 | Found a transporter.
 24834 | Shoals:3 | Noticed a kraken
 24854 | Shoals:3 | Killed a kraken
 24859 | Shoals:3 | Reached skill level 19 in Dodging
 25095 | Shoals:3 | HP: 4/153 [merfolk impaler/+2 trident of chaos (5)]
 25095 | Shoals:3 | Mangled by a merfolk impaler

Illustrated notes

Levels and vault maps discovered:
D:1:      lemuel_arrival_cross, layout_basic, minmay_misc_feat_rugged,
          interstate_on_off
D:2:      cheibrodos_greedy_goblins, layout_loops_cross,
          hellmonk_ecumenical_altar_lost_god, uniq_terence, uniq_jessica
D:3:      layout_loops_ring, nicolae_elyvilon_peaceful_grove,
          grunt_ministairs_3, small_statue_intersection
D:4:      layout_basic, chei_slow_surprise, serial_shops, kennysheep_mini_moat,
          grunt_decor_arrowhead
D:5:      layout_basic, mainiacjoe_overflow_alcove_2, zin_purify,
          lemuel_round_altar
D:6:      layout_basic, jmf_multi_god_temple2, ebering_ghost_rock_garden
D:7:      layout_loops_corners, minmay_temple_entry_junction_2, uniq_joseph
D:8:      minmay_four_partial_circles, layout_cave_pools,
          grunt_temple_overflow_opulence, nicolae_kikubaaqudgha_miasma_corner,
          serial_shops, shop, serial_ice, serial_ice_f, serial_ice_j,
          serial_ice_m, serial_ice_h, serial_ice_n, serial_ice_e, uniq_pikel
D:9:      layout_stronghold, okawaru_trees_2, david_orc_3, uniq_gastronok
D:10:     layout_irregular_city, gammafunk_ghost_split
D:11:     layout_loops_ring, lair_entry_dummy, serial_ice, serial_ice_k,
          serial_ice_a, serial_ice_b, serial_ice_m
D:12:     layout_stronghold, serial_co_window_serial, co_window_paths_a,
          co_window_paths_a, co_window_corner_a, co_window_cross_1,
          co_window_of_opportunity_a, co_window_2corner,
          co_window_unsneaky_path_b, co_window_2corner, co_window_paths_d,
          glass_columns_a, glass_columns_a, gauntlet_entry_generic, st_stairs_14
D:13:     layout_loops_cross, tso_oasis_becter, uniq_jorgrun, uniq_nessos
D:14:     layout_grid_maze, ximxim_vaults_locker_room, nrook_pool_corridor,
          trove_entry_hex_spiral, uniq_azrael
D:15:     hangedman_depths_entry_civil_slaughter, layout_small_grid
Temple:   chequers_temple_sunken
Lair:1:   layout_roguey
Lair:2:   layout_gridlike, minmay_shoals_entry_lonely_mermaid,
          spider_nest_entry_web_field, infiniplex_staircase_pool
Lair:3:   layout_gridlike, grunt_megastairs_2
Lair:4:   layout_big_grid, nicolae_slime_entry_slimehenge, basic_altar
Lair:5:   minmay_lair_end_enchanted_forest, layout_loops_ring,
          infiniplex_staircase_pool_2, serial_bayou_shore_b,
          serial_bayou_shore_b
Shoals:1: layout_shoals, nicolae_shoals_gull_way
Shoals:2: layout_shoals, nicolae_shoals_shepherds
Shoals:3: dreamdust_from_the_deep, layout_shoals, serial_nicolae_subway,
          nicolae_sub_station_stone, nicolae_sub_station_crystal,
          nicolae_sub_station_metal
Orc:1:    layout_caves, uniq_fannar
Orc:2:    st_orc_rangers, layout_caves, uniq_saint_roka

Skill      XL: |  1  2  3  4  5  6  7  8  9 10 11 12 13 14 15 16 17 |
---------------+----------------------------------------------------+-----
Dodging        | 3 4 5 6 7 9 12 14 15 16 17 18 19 | 19.0
Fighting       | 1 2 4 6 7 10 11 13 14 15 16 | 16.1
Conjurations   | 4 |  4.0
Short Blades   | 2 4 |  4.0
Long Blades    | 5 8 10 12 14 16 17 18 | 18.0
Evocations     | 4 6 |  6.0
Shields        | 4 10 13 15 | 15.6
Stealth        | |  2.1
Spellcasting   | |  2.0

Action                     |  1- 3 |  4- 6 |  7- 9 | 10-12 | 13-15 | 16-18 || total
---------------------------+-------+-------+-------+-------+-------+-------++-------
  Melee: Dagger            |    35 |   109 |     6 |       |       |       ||   150
         Unarmed           |     4 |       |       |       |       |       ||     4
         Punch             |       |     2 |     4 |     9 |     4 |       ||    19
         Rapier            |       |       |   313 |   578 |       |       ||   891
         Tailslap          |       |       |       |     7 |    14 |    64 ||    85
         Scimitar          |       |       |       |   230 |  1335 |   625 ||  2190
   Cast: Magic Dart        |    37 |     9 |     2 |       |       |     1 ||    49
         Searing Ray       |     3 |    11 |    18 |     4 |       |       ||    36
 Invoke: Curse Item        |       |       |     1 |     5 |     3 |       ||     9
         Shatter the Chain |       |       |       |     1 |     2 |       ||     3
  Evoke: Wand              |       |       |       |    14 |     9 |     7 ||    30
         Lightning rod     |       |       |       |       |    12 |     6 ||    18
    Use: Potion            |       |     3 |       |     4 |     7 |     6 ||    20
         Scroll            |       |       |       |     5 |     7 |       ||    12
   Stab: Sleeping          |     1 |     2 |     8 |     5 |    10 |     9 ||    35
         Invisible         |       |       |       |     5 |     7 |       ||    12
         Distracted        |       |       |       |       |     1 |       ||     1
 Armour: Robe              |    16 |    64 |   195 |   314 |   488 |   187 ||  1264
         Leather armour    |     6 |       |       |       |       |       ||     6
         Skin              |       |       |       |    30 |       |       ||    30
  Dodge: Dodged            |    30 |    74 |   281 |   779 |   877 |   512 ||  2553
  Block: Kite shield       |       |       |       |       |   739 |   553 ||  1292
